 Dungeon Crawl Stone Soup version 0.30-a0-626-gd6a5dd7a1f (webtiles) character file.

Game seed: 16194897466267889785

87 funkygono the Firebug (level 4, -5/24 HPs)
             Began as a Gargoyle Fire Elementalist on Jan 11, 2023.
             Was an Initiate of Vehumet.
             Engulfed by a steam dragon's steam (8 damage)
             ... on level 4 of the Dungeon.
             The game lasted 00:02:29 (1907 turns).

funkygono the Firebug (Gargoyle Fire Elementalist)  Turns: 1907, Time: 00:02:29

Health: -5/24      AC: 11    Str: 12    XL:     4   Next: 51%
Magic:  6/8        EV: 11    Int: 17    God:    Vehumet [......]
Gold:   77         SH:  0    Dex: 10    Spells: 2/8 levels left

rFire   . . .      SeeInvis .    k - +0 mace
rCold   . . .      Faith    .    (no shield)
rNeg    + . .      Spirit   .    d - +3 leather armour "Jieryino" {Regen+}
rPois   ∞          Reflect  .    g - +1 helmet
rElec   +          Harm     .    (no cloak)
rCorr   .          Rampage  .    (no gloves)
Will    .....                    (no boots)
Stlth   ++                       (no amulet)
HPRegen 1.04/turn                (no ring)
MPRegen 0.11/turn                (no ring)

@: no status effects
A: sickness immunity, AC +3, negative energy resistance 1, electricity
resistance, torment resistance 1, petrification resistance
a: Renounce Religion


You were on level 4 of the Dungeon.
You worshipped Vehumet.
Vehumet was noncommittal.
You visited 1 branch of the dungeon, and saw 4 of its levels.

You collected 77 gold pieces.

Inventory:

Hand Weapons
 k - a +0 mace (weapon)
 q - a +0 whip
Armour
 a - a +0 robe
 d - the +3 leather armour "Jieryino" (worn) {Regen+}
   (You found it on level 2 of the Dungeon)

   Regen:     It increases your rate of health regeneration.
 g - a +1 helmet (worn)
Magical Staves
 f - a staff of air
Wands
 n - a wand of polymorph (12)
Scrolls
 c - 4 scrolls of identify {unknown}
 h - a scroll of fog {unknown}
 i - a scroll of vulnerability {unknown}
 j - a scroll of enchant armour {unknown}
 o - a scroll of teleportation {unknown}
Potions
 b - 2 potions of magic
 e - a potion of degeneration {unknown}
 l - a potion of curing {unknown}
 m - a potion of might {unknown}
 p - a potion of haste {unknown}


   Skills:
 + Level 2.1 Dodging
 - Level 2.1 Stealth
 + Level 2.7 Spellcasting
 + Level 1.5 Conjurations
 + Level 4.1 Fire Magic


You had 2 spell levels left.
You knew the following spells:

 Your Spells              Type           Power      Damage    Failure   Level
a - Foxfire               Conj/Fire      48%        2x1d6     7%          1
b - Scorch                Fire           32%        2d7       6%          2
c - Kindle Blastsparks    Fire/Tloc/Air  14%        2d11      36%         3

Your spell library contained the following spells:

 Spells                   Type           Power      Damage    Failure   Level
 Beastly Appendage        Tmut           4%         N/A       22%         1
 Wereblood                Tmut           2%         N/A       34%         2
 Inner Flame              Hex/Fire       9%         N/A       28%         3
 Spider Form              Tmut/Pois      2%         N/A       56%         3
 Flame Wave               Conj/Fire      12%        2d6       56%         4
 Summon Hydra             Summ           1%         N/A       100%        7
 Sublimation of Blood     Necr           Unusable   N/A       N/A         2

Dungeon Overview and Level Annotations

Branches:
Dungeon (4/15)
 Temple: D:4-7

Altars:
Vehumet


Innate Abilities, Weirdness & Mutations

You are immune to sickness and miasma.
Your stone body is resilient. (AC +3)
You are immune to poison.
You resist negative energy. (rN+)
You are resistant to electric shocks. (rElec)
You are resistant to unholy torment.
You are immune to petrification.


Message History

Casting: Foxfire (safe; 7% risk of failure)
Confirm with . or Enter, or press ? or * to list all spells.
You conjure some foxfire!
You are engulfed in a cloud of scalding steam.
The foxfire hits the steam dragon.
The steam dragon is lightly wounded.
The foxfire hits the steam dragon.
The steam dragon is moderately wounded.
An orc comes into view. It is wielding a +0 flail.
Casting: Foxfire (safe; 7% risk of failure)
Confirm with . or Enter, or press ? or * to list all spells.
Flames lash the steam dragon.
The steam dragon is moderately wounded.
The steam dragon's fire resistance burns away.
The foxfire hits the steam dragon.
The steam dragon is burned terribly!
The steam dragon is heavily wounded.
The foxfire hits the steam dragon but does no damage.
The steam dragon is heavily wounded.
Unknown command.
The steam dragon breathes steam at you. The ball of steam hits you!
Ouch! That really hurt!
* * * LOW HITPOINT WARNING * * *
Casting: Scorch (safe; 6% risk of failure)
Confirm with . or Enter, or press ? or * to list all spells.
You conjure some foxfire!
You are engulfed in a cloud of scalding steam.
Magic courses through your body.
You are engulfed in a cloud of scalding steam.
The foxfire hits the steam dragon.
The steam dragon is severely wounded.
The foxfire hits the steam dragon.
The steam dragon is severely wounded.
Casting: Foxfire (safe; 7% risk of failure)
Confirm with . or Enter, or press ? or * to list all spells.
Flames lash the steam dragon.
The steam dragon is almost dead.
The steam dragon's fire resistance burns away.
You are engulfed in a cloud of scalding steam.
You die...

#.. .. # #.. .##. .# ###.#
#. .....# .# .#..##
....#...# #.#
....†#####..##....##..#
.##....#....##.....#..#
.#.##....##.#...##..o.##
..####.####....§##..#..##
### #>## #...#@D...#§v#..
.### #..# #...§§##........
...###.### ##..#####.......
.........###...## ##.....#
.....##......#..###.......#
......#..#..##........##..#
.......##...###......## #..
....#........###.....# #.
...............<†...##


You could see a steam dragon (catching breath, combustible) and an orc.

Vanquished Creatures
  A jelly (D:4)
  3 adders
  A worm (D:2)
  5 ball pythons
  3 bats
  An endoplasm (D:2)
  A giant cockroach (D:4)
  7 goblins
  A hobgoblin (D:4)
  A quokka (D:1)
  A frilled lizard (D:1)
  2 kobolds
  2 rats (D:2)
29 creatures vanquished.

Vanquished Creatures (others)
  91 foxfires
  5 toadstools (D:1)
96 creatures vanquished.

Grand Total: 125 creatures vanquished

Notes
Turn   | Place    | Note
-------+----------+-------------------------------------------
     0 | D:1      | funkygono the Gargoyle Fire Elementalist began the quest
                  | for the Orb.
     0 | D:1      | Reached XP level 1. HP: 10/10 MP: 3/3
   328 | D:1      | Reached XP level 2. HP: 15/15 MP: 3/5
   333 | D:1      | Learned a level 2 spell: Scorch
   789 | D:2      | Identified the +3 leather armour "Jieryino" {Regen+}
   916 | D:2      | Reached XP level 3. HP: 19/19 MP: 1/6
   920 | D:2      | Learned a level 3 spell: Kindle Blastsparks
  1535 | D:3      | Found a radiant altar of Vehumet.
  1542 | D:3      | Became a worshipper of Vehumet
  1779 | D:4      | Reached skill level 4 in Fire Magic
  1779 | D:4      | Reached XP level 4. HP: 24/24 MP: 5/8
  1893 | D:4      | Noticed a steam dragon
  1904 | D:4      | HP: 1/24 [something/ball of steam (14)]
  1907 | D:4      | Engulfed by a steam dragon's steam

Illustrated notes

Levels and vault maps discovered:
D:1:      ldierk_walled_garden, layout_basic
D:2:      layout_basic, minmay_misc_feat_rows
D:3:      kb_forest_paths, layout_basic, nicolae_overflow_crystal_walls,
          ebering_ecumenical_altar_box, uniq_natasha
D:4:      layout_layer_cave, mainiacjoe_overflow_alcove_4,
          mainiacjoe_overflow_concentric_impassable, serial_shops,
          kennysheep_mini_moat, uniq_grinder

Skill      XL: |  1  2  3 |
---------------+----------+-----
Dodging        | 2 |  2.1
Fire Magic     | 4 |  4.1
Stealth        | |  2.1
Spellcasting   | |  2.7
Conjurations   | |  1.5

Action                   |  1- 3 |  4- 6 || total
-------------------------+-------+-------++-------
 Cast: Foxfire           |    41 |    11 ||    52
       Scorch            |     2 |     2 ||     4
  Use: Potion            |       |     1 ||     1
Armor: Robe              |     1 |       ||     1
       Leather armour    |       |     3 ||     3
Dodge: Dodged            |     3 |       ||     3

Table legend: (Time is in decaauts)
 A = Elapsed time spent in this place.
 B = Non-inter-level travel time spent in this place.
 C = Inter-level travel time spent in this place.
 D = Time resting spent in this place.
 E = Time spent auto-exploring this place.
 F = Levels seen in this place.
 G = Mean time per level.
                   A        B        C        D        E       F      G
               +--------+--------+--------+--------+--------+-----+--------+
         Total |   1905 |   1842 |     63 |     49 |   1525 |   4 |  476.2 |
       Dungeon |   1905 |   1842 |     63 |     49 |   1525 |   4 |  476.2 |
               +--------+--------+--------+--------+--------+-----+--------+

Top non-repeatable levels by time:
     D:1: 722 daAuts
     D:2: 690 daAuts
     D:4: 322 daAuts
     D:3: 169 daAuts
